AoeStats
← BenitoKmelo

African Clearing

504925812Analyzed
4v4 RM · 25d ago on Sep 7, 2026· 34m 13s· 8 players
Game mode
Random Map
Map size
Large (8 player)
Population
200
Speed
Normal
Resources
Standard
Victory
Conquest
Starting age
Dark Age
Ending age
Imperial Age
RankedLock teamsTeams togetherTeam positionsShared explorationLock speedFull tech treeHidden civsTurbo modeCheats
Victory
Defeat
🇺🇸 Aztecs · United States
1149
+15
🇲🇽 Huns · Mexico
1080
+17
🇨🇴 Slavs · Colombia
1079
+18
🇲🇽 Burgundians · Mexico
1078
+18
🇦🇷 Khmer · Argentina
1191
-21
🇦🇷 Maya · Argentina
1179
-19
🇦🇷 Italians · Argentina
1084
-16
🇨🇦 Bengalis · Canada
1002
-12
Ratchet2krox
7:58 Loom
15:33 Feudal Age
19:17 Castle Age
17:38 Double-Bit Axe
17:44 Stone Mining
17:37 Horse Collar
19:16 Forging
19:12 Scale Barding Armor
19:48 Gold Mining
21:46 Iron Casting
23:55 Bloodlines
23:45 Husbandry
28:42 Chain Barding Armor
33:50 Wheelbarrow
34:27 Gold Shaft Mining
34:04 Bow Saw
SergioBoss2030
6:00 Loom
14:18 Feudal Age
19:07 Castle Age
17:05 Double-Bit Axe
17:58 Town Watch
17:53 Man-at-Arms
19:19 Scale Mail Armor
20:58 Long Swordsman
21:38 Squires
25:37 Fletching
25:48 Padded Archer Armor
28:28 Elite Skirmisher
31:56 Stone Mining
34:02 Wheelbarrow
33:59 Gold Mining
BenitoKmelo
7:45 Loom
12:21 Feudal Age
11:22 Double-Bit Axe
15:12 Wheelbarrow
15:02 Forging
18:21 Scale Barding Armor
20:21 Hand Cart
20:19 Bow Saw
22:20 Horse Collar
22:28 Town Watch
25:24 Castle Age
23:37 Gold Mining
25:56 Cavalier
26:37 Husbandry
26:59 Chain Barding Armor
27:45 Iron Casting
ferandres99
4:07 Loom
13:28 Feudal Age
14:24 Town Watch
14:29 Double-Bit Axe
20:51 Castle Age
23:28 Wheelbarrow
27:35 Horse Collar
31:00 Imperial Age
30:33 Fervor
30:45 Sanctity
31:42 Forging
31:34 Scale Mail Armor
31:27 Fletching
32:43 Chemistry
31:40 Murder Holes
31:49 Heavy Plow
32:20 Bow Saw
33:58 Conscription
jean-danie1
9:30 Loom
16:12 Feudal Age
16:55 Double-Bit Axe
22:50 Castle Age
22:49 Gold Mining
22:50 Stone Mining
22:42 Horse Collar
23:15 Bloodlines
23:37 Scale Barding Armor
23:42 Forging
24:11 Bow Saw
24:08 Heavy Plow
26:24 Wheelbarrow
26:25 Chain Barding Armor
26:42 Iron Casting
28:28 Devotion
30:05 Pikeman
30:46 Squires
[SIX] RX
15:05 Loom
18:51 Feudal Age
19:24 Horse Collar
24:20 Castle Age
25:13 Fletching
25:26 Padded Archer Armor
Belmont
14:06 Feudal Age
17:23 Castle Age
19:54 Loom
dan29730
14:29 Feudal Age
12:47 Loom
15:42 Double-Bit Axe
18:43 Castle Age
21:23 Wheelbarrow
24:27 Fletching
24:38 Padded Archer Armor
26:03 Bodkin Arrow
27:45 Pikeman
32:00 Leather Archer Armor
32:33 Elite Skirmisher
Connection lost

Rejoining the realm…

Still unreachable

The connection could not be restored.

Session expired

The server has moved on; the page needs a fresh start.